[Event "GER-ch Youth-U16 2022"]
[Site "Willingen"]
[Date "2022.06.05"]
[Round "1.11"]
[White "Neuber, Pascal"]
[Black "Jaskulski, Jan"]
[Result "0-1"]
[ECO "B20"]
[WhiteElo "1802"]
[BlackElo "1727"]
[Annotator "NA RC COMBH"]
[PlyCount "37"]
[EventDate "2022.06.05"]
[EventType "swiss"]
[EventRounds "9"]
[EventCountry "GER"]
[SourceTitle "playchess.com"]
[Source "ChessBase"]
[SourceQuality "1"]
[TimeControl "40/4500+30:900+30"]

1. e4 c5 2. c4 Nc6 3. Nc3 g6 4. g3 Bg7 5. Bg2 $11 e6 6. Nge2 Nge7 7. O-O O-O 8. d3 b6 9. f4 Bb7 10. Be3 d5 11. cxd5 exd5 12. exd5 Nb4 13. d6 Bxg2 14. dxe7 Qxe7 15. Kxg2 Qxe3 16. Rf3 Qe6 17. a3 Nd5 18. Nxd5 Qxd5 19. Nc3 0-1

[Event "GER-ch Youth-U16 2022"]
[Site "Willingen"]
[Date "2022.06.05"]
[Round "1.12"]
[White "Ehrig, Leon Chris"]
[Black "Bock, Marlon"]
[Result "1/2-1/2"]
[ECO "B26"]
[WhiteElo "1890"]
[BlackElo "1816"]
[Annotator "NA RC COMBH"]
[PlyCount "65"]
[EventDate "2022.06.05"]
[EventType "swiss"]
[EventRounds "9"]
[EventCountry "GER"]
[SourceTitle "playchess.com"]
[Source "ChessBase"]
[SourceQuality "1"]
[TimeControl "40/4500+30:900+30"]

1. e4 c5 2. Nc3 Nc6 3. g3 g6 4. Bg2 Bg7 5. d3 d6 6. Be3 Nf6 7. Qd2 Ng4 8. Bf4 e5 9. Bg5 f6 10. Be3 Nxe3 11. Qxe3 Nd4 12. O-O-O b5 13. Nd5 b4 14. Ne2 Be6 15. Nxd4 cxd4 16. Qe2 a5 17. f4 Bxd5 18. exd5 O-O 19. f5 a4 20. Kb1 Qb6 21. Be4 Rfc8 22. Rc1 a3 23. b3 Qc5 24. c4 dxc3 25. Kc2 Rf8 26. Rcf1 g5 27. h4 Bh6 28. hxg5 Bxg5 29. Rxh7 Ra7 30. Rh2 Rg7 31. Rfh1 Kf7 32. Rh8 Rfg8 33. R1h7 1/2-1/2

[Event "GER-ch Youth-U16 2022"]
[Site "Willingen"]
[Date "2022.06.05"]
[Round "1.13"]
[White "Weidenhoefer, Max"]
[Black "Ohler, Julius"]
[Result "0-1"]
[ECO "B12"]
[WhiteElo "1945"]
[BlackElo "2011"]
[Annotator "TA"]
[PlyCount "152"]
[EventDate "2022.06.05"]
[EventType "swiss"]
[EventRounds "9"]
[EventCountry "GER"]
[SourceTitle "playchess.com"]
[Source "ChessBase"]
[SourceQuality "1"]
[TimeControl "40/4500+30:900+30"]

1. e4 c6 2. d4 d5 3. e5 Qb6 4. c4 Bf5 5. Nc3 dxc4 6. Bxc4 {[%emt 0:01:08][%cal Oe5e6] B12: Caro-Kann: Advance Variation.} e6 {[%emt 0:00:00] [#]} 7. h3 $146 ({Predecessor:} 7. Nge2 Ne7 8. O-O Nd5 9. Ng3 Bg6 10. f4 Nd7 11. Bxd5 cxd5 12. f5 exf5 13. Nxd5 {1-0 (29) Krejic,I (2160)-Gabric,G (2196) Backa Palanka 2021}) 7... h6 8. Nf3 {[%emt 0:01:34] White is slightly better.} Ne7 9. O-O Nd7 10. Qe2 Nd5 11. Ne4 Bxe4 (11... Be7 $11) 12. Qxe4 $16 Be7 13. Rd1 Rd8 (13... O-O-O $14) 14. Bd3 (14. a3 $16) 14... Nb8 15. Bd2 Na6 16. a3 Nac7 17. b4 a6 18. h4 (18. Rdc1 $16) 18... g6 ({Black should play} 18... g5 $14) 19. h5 (19. g3 $16) 19... g5 (19... gxh5 $11 20. Rdb1 Nb5) 20. Rdc1 Kd7 21. Rc4 Ke8 22. Qe1 (22. a4 {is interesting.} Qa7 23. g3 Kd7 24. Qe1) 22... Qa7 23. g4 Nb6 24. Rc2 Nb5 25. Qe4 Na4 26. Be3 (26. Kg2 $14 {keeps the upper hand.}) 26... Nac3 $17 {[%emt 0:00:39] Pair of Knights!} 27. d5 Qb8 (27... Nxe4 $17 28. Bxa7 Nxa7 29. Bxe4 cxd5) 28. Qc4 $15 Nxd5 ({Reject} 28... cxd5 29. Qb3 d4 30. Bc1 $11) 29. Bd2 Nb6 30. Qb3 (30. Qe4 $11 {and White is okay.}) 30... Nd4 $36 {[%emt 0:00:39][%mdl 2048] Black is really pushing.} 31. Nxd4 Rxd4 32. Be2 Nd5 (32... Qxe5 $19 33. Re1 Bd6) 33. Be3 Nxe3 ({Not} 33... Qxe5 34. Bxd4 Qxd4 35. Rd1 $11) 34. Qxe3 Rd5 35. Bf3 Rxe5 36. Qb6 Rb5 37. Qd4 f6 (37... Qe5 $17 38. Qxe5 Rxe5) 38. Re1 Kf7 ({Black should try} 38... Qf4 $11 39. Qd3 (39. Qxf4 gxf4 40. Rxe6 Re5 $15) 39... Bd6) 39. Qe4 {[%emt 0:00:20][%mdl 1024] White has compensation.} (39. Rce2 $5 Re5 40. Rxe5 fxe5 41. Qe4 $11) 39... Re5 40. Qg6+ Kf8 41. Rd1 Qe8 42. Qd3 Kf7 43. Rcd2 a5 $2 (43... Rg8 $1 $11 {and Black stays safe.}) 44. Qg6+ $18 Kf8 45. Qxe8+ (45. Rd7 $16 Re1+ 46. Rxe1 Qxd7 47. bxa5) 45... Kxe8 $11 46. Kg2 (46. bxa5 $1 $11 Rxa5 47. Rd7) 46... axb4 $17 47. axb4 Rb5 48. Rd7 Rxb4 (48... Kf7 $1 $17 {Threatens to win with ...Rc8.} 49. Rc7 Rxb4) 49. Rc7 {[%emt 0:00:45] aiming for Rc8+.} Kf7 50. Rdd7 Re8 51. Be2 f5 52. gxf5 exf5 53. Bd3 (53. Rxb7 $17 {was worth a try.} Rxb7 54. Rxb7) 53... Kf6 $1 $19 54. Rxb7 Rxb7 55. Rxb7 Rd8 56. Bxf5 Kxf5 57. Rxe7 {[%emt 0:00:02][%mdl 4096] Endgame KR-KR} Rd6 $1 58. f3 Re6 59. Rf7+ Ke5 $1 {[%emt 0:00:08] Strongly threatening ...c5.} 60. Rg7 $2 (60. Kf2) 60... c5 61. Rc7 Kd4 (61... Kd6 $142 62. Rc8 Kd5) 62. Rd7+ Kc3 63. Rg7 {[%emt 0:00:46] [#]} Kd4 $2 (63... Kc4 64. Rh7 Kd5 65. Rd7+ Kc6) (63... Kc4 $1 $19 {[%cal Rc4d5] Hoping for ...Kd5.} 64. Rd7 Kb5 65. Rb7+ Kc6) 64. Rg6 $2 (64. Rd7+ $11 Kc3 65. Rg7) 64... Kd5 65. Rg8 c4 66. Kf2 c3 67. Rd8+ Kc4 68. Rc8+ Kd3 (68... Kd4 $142 69. f4 gxf4 70. Rd8+ Kc5 71. Rg8 c2 72. Rg1 Kd4 73. Kf3 Rc6 74. Rc1 Kd3 75. Kxf4 Rc5 76. Kg4 Kd2 77. Rh1 c1=Q 78. Rxc1 Kxc1 79. Kf4 Rxh5 80. Kg3 Rf5 81. Kg4 Rf6 82. Kh5 Kd2 83. Kh4 Ke3 84. Kg4 Kf2 85. Kh4 Kf3 86. Kh3 Rd6 87. Kh2 Rd1 88. Kh3 Rh1#) 69. Rd8+ {[%emt 0:00:21] [#]} Kc2 $1 70. Rb8 {[%emt 0:00:10] Inhibits Rb6.} Kd2 71. Rd8+ Kc1 {[%emt 0:00:04] ( -> ...Rb6)} 72. Rb8 {[%emt 0:00:14] Prevents Rb6.} c2 {[%emt 0:00:03] Black mates.} 73. Rb7 Re5 74. Rb8 Kd2 75. Rd8+ Kc3 76. Rc8+ Kd3 {[%emt 0:00:07] Weighted Error Value: White=0.48/Black=0.20 (precise)} 0-1

[Event "GER-ch Youth-U16 2022"]
[Site "Willingen"]
[Date "2022.06.05"]
[Round "1.14"]
[White "Metzdorf, Matteo"]
[Black "Mimkes, Antal"]
[Result "0-1"]
[ECO "B01"]
[WhiteElo "2009"]
[BlackElo "1696"]
[Annotator "TA"]
[PlyCount "136"]
[EventDate "2022.06.05"]
[EventType "swiss"]
[EventRounds "9"]
[EventCountry "GER"]
[SourceTitle "playchess.com"]
[Source "ChessBase"]
[SourceQuality "1"]
[TimeControl "40/4500+30:900+30"]

1. e4 d5 2. exd5 Nf6 3. Nf3 Bg4 4. Bb5+ Nbd7 5. Nc3 a6 6. Be2 {[%emt 0:00:00] B01: Scandinavian Defence.} Nb6 7. O-O Nbxd5 8. Nxd5 {[%emt 0:00:30] White is slightly better.} Qxd5 9. d4 O-O-O (9... Qd8 $14) 10. Ne5 ({White should try} 10. c4 $16 Qf5 11. Qb3) 10... Bxe2 $14 11. Qxe2 Nd7 {[%emt 0:00:00] [#]} 12. c4 $146 ({Predecessor:} 12. Nf3 f6 13. c4 Qf7 14. d5 g5 15. b4 Re8 16. Re1 h6 17. Bb2 Bg7 18. a4 {1-0 (29) Slusnys,E (1948)-Stankevicius,V (1780) Vilnius 2015}) 12... Qe6 13. Re1 Nxe5 14. dxe5 Qf5 15. c5 (15. Qe3 $5 Kb8 16. e6 $11) 15... Qd3 {[%emt 0:06:50] ...Qxe2 is the strong threat.} 16. Be3 Qxe2 17. Rxe2 e6 18. f4 Rd3 19. Rc1 c6 20. Kf2 Be7 21. Rd2 Rhd8 22. Rxd3 Rxd3 $11 {[%emt 0:00:01][%mdl 4096] Endgame KRB-KRB} 23. Ke2 Rd5 24. b4 Kc7 25. Rd1 Bf8 26. a4 Be7 27. Rd4 Bf8 28. Kd3 Be7 29. Ke4 $2 {[%emt 0:01:41] [#]} (29. Rxd5 $11 {and White stays safe.} cxd5 30. b5) 29... Kd7 $2 ({Better is} 29... a5 $1 $19 30. bxa5 Rxc5) 30. Kf3 Kc7 (30... a5 $15) 31. g3 Kd7 32. Ke2 Kc7 33. Kd3 Bf8 34. Kc4 a5 35. Rxd5 (35. Bd2 $11 {keeps the balance.}) 35... cxd5+ {[%emt 0:00:18] KB-KB. White is on the road to losing.} 36. Kb5 axb4 {[%emt 0:00:06] aiming for ...b3.} 37. Bd4 {[%emt 0:00:33] [#]} (37. g4 $17) 37... b3 ({Black should play} 37... Be7 $1 $19 {Threatens to win with ...b3.} 38. h4 (38. Kxb4 Kc6 $17) 38... b3) 38. a5 $2 (38. g4 $17 {was forced.}) 38... Be7 $19 {[%emt 0:01:14] White must now prevent ...g5.} 39. h3 $2 (39. h4 {was worth a try.} Bd8 40. Bc3) 39... g5 40. Bc3 gxf4 41. gxf4 Bh4 42. Kb4 {[%emt 0:00:00] [#]} Be1 $1 43. Kxb3 (43. Bxe1 b2) 43... Bxc3 44. Kxc3 {[%emt 0:00:00] KP-KP} Kc6 45. Kb4 d4 46. Kc4 d3 47. Kxd3 Kxc5 {[%emt 0:00:00] And now ...Kb5 would win.} 48. f5 Kb5 {[%emt 0:00:00] Black mates.} 49. Ke4 Kxa5 50. f6 b5 51. Kf4 b4 52. Kg5 b3 53. Kh6 b2 54. Kg7 b1=Q 55. Kxf7 Qf5 56. Ke8 Qxe5 57. f7 Qb8+ 58. Ke7 Qc7+ 59. Ke8 e5 60. f8=Q Qc8+ 61. Kf7 Qxf8+ 62. Kxf8 {[%emt 0:00:10] KPP-KP} e4 63. h4 h5 64. Kg7 e3 65. Kg6 e2 66. Kxh5 e1=Q 67. Kg5 Qe8 68. h5 Qh8 {[%emt 0:00:00] Weighted Error Value: White=0.58/Black=0.11 (very precise)} 0-1

[Event "GER-ch Youth-U16 2022"]
[Site "Willingen"]
[Date "2022.06.05"]
[Round "1.15"]
[White "Lerchl, Clemens"]
[Black "Albert, Markus"]
[Result "1-0"]
[ECO "B01"]
[WhiteElo "1843"]
[BlackElo "2053"]
[Annotator "TA"]
[PlyCount "173"]
[EventDate "2022.06.05"]
[EventType "swiss"]
[EventRounds "9"]
[EventCountry "GER"]
[SourceTitle "playchess.com"]
[Source "ChessBase"]
[SourceQuality "1"]
[TimeControl "40/4500+30:900+30"]

1. e4 d5 2. exd5 Nf6 3. Nf3 Nxd5 4. d4 g6 5. c4 Nb6 6. Nc3 Bg7 7. Be2 O-O 8. h3 {[%emt 0:00:00] [#]} N6d7 $146 {[%emt 0:00:00] B01: Scandinavian Defence.} (8... Nc6 $11) ({Predecessor:} 8... Nc6 9. Be3 e5 10. d5 Ne7 11. O-O Nf5 12. Bg5 f6 13. Bc1 c5 14. dxc6 bxc6 15. b3 Qe7 16. Ne4 Rd8 17. Qc2 Be6 18. a4 c5 19. Ba3 Rac8 20. Rad1 Nd7 21. Rfe1 {1-0 (39) Nepomniachtchi,I (2729)-Smagin,S (2551) Olginka 2011}) 9. Bf4 $16 Nc6 10. Nb5 $1 {[%emt 0:15:05] White is more active.} e5 {[%emt 0:09:27] White is better.} 11. dxe5 Ncxe5 12. Nxe5 Nxe5 13. Qxd8 Rxd8 14. Nxc7 Rb8 15. O-O Bf5 16. Nd5 Kf8 {[%emt 0:02:27][%cal Ob7b5] Prevents Ne7.} 17. Rad1 Be6 18. b3 Rbc8 19. Rfe1 b5 {[%emt 0:06:22] [#]} 20. Nc7 $1 bxc4 21. Nxe6+ (21. Rxd8+ {looks sharper.} Rxd8 22. Nxe6+ fxe6 23. bxc4 Nxc4 24. Bg4) 21... fxe6 22. Rxd8+ (22. bxc4 {is interesting.} Rxd1 23. Bxd1 Nd3 24. Bd6+) 22... Rxd8 23. Bxc4 Nxc4 24. bxc4 {[%emt 0:00:08][%mdl 4096] Endgame KRB-KRB} Rd4 25. Be3 Rxc4 26. Bxa7 Kf7 27. Re2 Bf8 28. Be3 e5 29. Rb2 Ke6 30. Kf1 ({White should try} 30. Rb6+ $16 Kd5 31. Ra6) 30... Ba3 31. Rb3 Be7 (31... Bc1 $14) 32. Rb6+ Kf7 (32... Bd6 $16 {might work better.} 33. g3 Kd5) 33. Ra6 $18 Rc2 34. a4 Bb4 35. Ra7+ Ke6 36. g3 (36. Rxh7 Ra2 37. Rb7 Rxa4 38. Rb6+ Kf7) (36. Rb7 $18 Be7 37. a5) 36... Ra2 $16 37. Kg2 e4 (37... Be1 $16 38. Kf3 (38. Rxh7 e4 $16) 38... Kd5) 38. a5 (38. Rxh7 $18 {Threatens to win with Rg7.} Be1 39. Rh8) 38... Rxa5 39. Rxh7 {[%emt 0:00:09] aiming for Rg7.} Ra2 $2 {[%emt 0:00:45][%mdl 8192] Black cannot hold the game after this.} (39... Bc5 $16) 40. Rg7 $18 Kf6 (40... Kf5 {is tougher.} 41. g4+ Kf6 42. Bd4+ Ke6 43. Rxg6+ Kd5) 41. Bd4+ Kg5 42. h4+ Kf5 43. Rf7+ Ke6 44. Rf6+ Kd5 45. Be3 Bd2 46. Bxd2 Rxd2 {[%emt 0:00:00] KR-KR} 47. Kf1 e3 48. fxe3 Ke4 49. Rxg6 Kf3 50. Kg1 Rg2+ 51. Kh1 {[%emt 0:00:00] White threatens Rf6+ and mate.} Re2 52. h5 (52. g4 $2 {is a self mate.} Kg3 53. Rf6 Re1+) 52... Rxe3 53. Kh2 {[%emt 0:00:00] White mates.} (53. g4 $2 {gets mated.} Kg3 54. Rf6 Re1+) 53... Re5 54. g4 Re2+ 55. Kh3 Kf4 56. Rf6+ Kg5 {[%emt 0:00:00] [#]} 57. Rf5+ $1 Kh6 58. Kh4 Rh2+ 59. Kg3 Rc2 60. Re5 Rc3+ 61. Kf4 Rc1 62. Re6+ Kg7 63. Kg5 Rc5+ {[%emt 0:00:00] [#]} 64. Kh4 $1 Rc1 65. Ra6 Rc4 66. h6+ Kh7 67. Kh5 Rc1 68. Ra7+ Kh8 69. g5 Rc5 70. Rf7 Kg8 71. Rf6 Kh7 72. Re6 Rb5 73. Re7+ Kh8 74. Kg6 Rb6+ 75. Kf5 Rb5+ 76. Kf6 Rb6+ 77. Re6 Rb8 78. g6 Rf8+ 79. Kg5 Rd8 80. Re5 Ra8 81. Rf5 Rb8 82. Rf8+ Rxf8 83. g7+ Kh7 84. gxf8=B Kg8 85. Kg6 Kh8 86. Bg7+ Kg8 87. h7# {Weighted Error Value: White=0.08 (flawless) /Black=0.65} 1-0

[Event "GER-ch Youth-U16 2022"]
[Site "Willingen"]
[Date "2022.06.05"]
[Round "1.16"]
[White "Chassard, Cedric"]
[Black "Beyer, Lorenz"]
[Result "1-0"]
[ECO "C06"]
[WhiteElo "2051"]
[BlackElo "1512"]
[Annotator "TA"]
[PlyCount "93"]
[EventDate "2022.06.05"]
[EventType "swiss"]
[EventRounds "9"]
[EventCountry "GER"]
[SourceTitle "playchess.com"]
[Source "ChessBase"]
[SourceQuality "1"]
[TimeControl "40/4500+30:900+30"]

1. e4 e6 2. d4 d5 3. Nd2 Nf6 4. e5 Nfd7 5. Bd3 c5 6. c3 Nc6 7. Ne2 cxd4 8. cxd4 Qb6 9. Nf3 Bb4+ 10. Bd2 f6 11. exf6 Nxf6 12. O-O O-O 13. Rc1 {[%emt 0:00:00] C06: French Tarrasch: 3...Nf6 4 e5 Nfd7 5 Bd3 main lines.} Bd7 14. Bxb4 Qxb4 15. Qd2 {[%emt 0:04:14] White is slightly better.} Qxd2 16. Nxd2 {[%emt 0:00:02] [#]} e5 $146 ({Predecessor:} 16... Rac8 17. a3 e5 18. Nb3 exd4 {½-½ (22) Ucha,L-Fabrega,E (2270) Buenos Aires 1993}) 17. dxe5 Nxe5 18. Bb1 Rac8 19. Nd4 Nfg4 20. h3 Nh6 (20... Rxc1 $11 21. Rxc1 Nxf2) 21. Rfe1 $14 {[%emt 0:07:10] And now Rxc8 would win.} Nhf7 22. Nf5 (22. a3) (22. a3 $16) 22... Rxc1 23. Ne7+ Kh8 24. Rxc1 Bc6 25. Re1 Bb5 (25... g5 $14) 26. f4 $16 Nc4 27. Bd3 $1 Nfd6 28. Nf3 Rxf4 {[%emt 0:01:53] [#]} 29. Nxd5 (29. Ng5 $1 $16) 29... Rf8 $14 30. Nd4 Bd7 31. b3 Na5 32. Re7 (32. Ne6 $5 Rb8 33. Nd4 $14) 32... Bc6 (32... Rf7 $11) 33. Nb4 {[%emt 0:04:44] Strongly threatening Re5. 0x0.00222ce000c9dp-1022s more active pieces.} Be8 34. Nd5 ({White should play} 34. Re6 $14 Rf6 35. Re2) 34... Nc6 (34... Bc6 $5) 35. Nxc6 Bxc6 36. Nb4 Be8 37. Bc4 h6 38. Bd5 a5 39. Nd3 b5 {[%emt 0:00:37] [#]} (39... b6 $14) 40. Ra7 $1 $16 a4 (40... Rf5 $142 41. Bf3 a4) 41. bxa4 ({White should try} 41. Ra8) 41... bxa4 42. Ra8 {[%emt 0:00:00] aiming for Rd8.} Nb5 $2 {[%emt 0:00:00] This move loses the game for Black.} (42... Kh7 $16) 43. Bc6 $18 Nc3 (43... Bxc6 44. Rxf8+ Kh7) 44. Bxe8 {[%emt 0:03:40] White is clearly winning.} Nxa2 45. Ne5 Rg8 46. Ng6+ Kh7 47. Ne7 {[%emt 0:00:08] Weighted Error Value: White=0.13 (very precise) /Black=0.42} 1-0

[Event "GER-ch Youth-U16 2022"]
[Site "Willingen"]
[Date "2022.06.05"]
[Round "2.1"]
[White "Lutsko, Artem"]
[Black "Trushko, Andrii"]
[Result "1-0"]
[ECO "B10"]
[WhiteElo "2392"]
[BlackElo "1897"]
[Annotator "TA"]
[PlyCount "71"]
[EventDate "2022.06.05"]
[EventType "swiss"]
[EventRounds "9"]
[EventCountry "GER"]
[SourceTitle "playchess.com"]
[Source "ChessBase"]
[SourceQuality "1"]
[TimeControl "40/4500+30:900+30"]

1. e4 c6 2. Nf3 d5 3. Nc3 dxe4 4. Nxe4 Bg4 5. h3 Bxf3 6. Qxf3 e6 7. g3 {[%emt 0:00:00] B11: Caro-Kann: Two Knights Variation.} Nd7 8. d4 Ngf6 9. Bg2 {[%emt 0:00:00] White is slightly better.} Be7 10. O-O O-O 11. Rd1 Re8 12. c4 {[%emt 0:00:00] [#]} h6 $146 ({Predecessor:} 12... a5 13. Nc3 a4 14. d5 exd5 15. cxd5 a3 16. dxc6 bxc6 17. Rb1 Ne5 18. Qf5 Qa5 19. Qc2 Rad8 {½-½ (19) Mikkelsen,N (2384)-Pedersen,S (2431) Denmark 2011}) 13. Nc3 Nb6 14. Qe2 Qd7 15. Bf4 Rad8 16. Rab1 Nc8 17. b4 {[%emt 0:00:35][%cal Bb2b4,Bb4b5][%mdl 32] White is more active.} Bd6 18. Be3 (18. Be5 $16) 18... Qe7 (18... Ne7 $14) 19. c5 $16 Bc7 20. b5 {[%emt 0:00:03] Prevents a6.} Nd5 21. Bd2 Qf6 {[%emt 0:06:00] [#]} (21... Qd7 $16 {was called for.} 22. bxc6 bxc6 23. Nxd5 cxd5) 22. bxc6 $1 $18 bxc6 23. Be1 (23. Nxd5 $18 exd5 24. Qf3) 23... Nce7 24. Ne4 Qg6 25. Rb7 e5 26. Nd6 ({Much weaker is} 26. Rxa7 exd4 27. a4 (27. Rxd4 Nf4 $17) 27... Qe6 $11) 26... Bxd6 27. cxd6 Qxd6 ({Better is} 27... Nf5 $14) 28. dxe5 $16 Qc5 {[%emt 0:01:05] [#] This move loses the game for Black.} (28... Qe6 $16) 29. e6 $1 $18 {[%emt 0:04:31] And now Bxd5 would win.} fxe6 30. Qxe6+ Kh8 31. Qe5 Qc2 $2 {[%emt 0:03:16] [#]} (31... Qd6 32. Qxd6 Rxd6 33. Rxa7 Re6) 32. Rxd5 $1 {[%emt 0:01:35][%mdl 512] White is clearly winning.} cxd5 33. Rxe7 Rxe7 34. Qxe7 Rc8 35. Bxd5 Qf5 {[%emt 0:02:03] [#]} 36. Bc3 $1 {[%emt 0:03:46][%mdl 512] Weighted Error Value: White=0.09 (flawless) /Black=0.31} 1-0

[Event "GER-ch Youth-U16 2022"]
[Site "Willingen"]
[Date "2022.06.05"]
[Round "2.2"]
[White "Foerster-Yialamas, Lucas"]
[Black "Petrovskyi, Vadym"]
[Result "0-1"]
[ECO "B90"]
[WhiteElo "2117"]
[BlackElo "2330"]
[Annotator "TA"]
[PlyCount "84"]
[EventDate "2022.06.05"]
[EventType "swiss"]
[EventRounds "9"]
[EventCountry "GER"]
[SourceTitle "playchess.com"]
[Source "ChessBase"]
[SourceQuality "1"]
[TimeControl "40/4500+30:900+30"]

1. e4 c5 2. Nf3 d6 3. d4 cxd4 4. Nxd4 Nf6 5. Nc3 a6 6. f3 e5 7. Nb3 Be7 8. Be3 Be6 9. Qd2 Nbd7 10. O-O-O O-O 11. g4 b5 12. g5 Nh5 $1 {[%emt 0:00:00][%mdl 4] now scores much better than the old 12...b4.} 13. Nd5 Bxd5 {[%emt 0:00:00] B90: Sicilian Najdorf: Unusual White 6th moves, 6 Be3 Ng4 and 6 Be3 e5.} 14. exd5 f6 15. Na5 (15. g6 $142) 15... fxg5 $11 {[%emt 0:00:00] The position is equal.} 16. Nc6 Qe8 17. Bxg5 (17. Nxe7+ $11 {keeps the balance.} Qxe7 18. Bxg5) 17... Bxg5 $17 18. Qxg5 Ndf6 (18... Rxf3 $2 19. Be2 h6 20. Qe7 $18 (20. Qg4 Rf2 $18)) 19. Bd3 {[%emt 0:14:41] [#]} (19. Rg1 $1 $15) 19... Nf4 $1 {[%emt 0:00:00] [#]} ({Much worse is} 19... Nxd5 $6 20. Bxh7+ Kxh7 21. Rxd5 $11) 20. Rhg1 $146 (20. Rhe1 $142) ({Predecessor:} 20. Be4 Rf7 21. Rhe1 Qf8 22. Kb1 g6 23. a3 Qg7 24. Rd2 Raf8 25. Qg1 Nd7 26. Qa7 {0-1 (61) Weaving,R (2314)-Alsina Leal,D (2507) England 2018}) 20... Rf7 21. Be4 (21. Qh4 $142) 21... Nxe4 $19 22. fxe4 Ne2+ 23. Kb1 Nxg1 24. Rxg1 Qf8 {[%emt 0:00:00] White must now prevent ...Rf1+.} 25. b3 Kh8 26. Kb2 Rf4 27. Re1 Qf6 28. Qg1 (28. Qxf6 $142 gxf6 29. Ne7) 28... Rf2 29. Qg4 Rxh2 30. Qd7 Rf8 (30... Qf2 $2 31. Rc1 $19) 31. Qb7 h5 {[%emt 0:06:32][%cal Oh2c2,Bh7h5,Bh5h4,Bh4h3][%mdl 32] [#] And now ...Rxc2+! would win.} 32. Qxa6 h4 33. Qxb5 Qf2 34. Rc1 h3 {[%emt 0:02:01] aiming for ...Rg2.} 35. Qd3 Qh4 {[%emt 0:00:31] Against Ne7} 36. a4 Rg2 ({Not} 36... Rf4 $2 37. a5 Rg2 38. a6 $17) 37. Rf1 Rxf1 38. Qxf1 Qf2 39. Qxf2 Rxf2 {[%emt 0:00:02][%cal Bg2f2,Bf2f8,Bf8a8][%mdl 32] Black mates.} 40. a5 h2 41. a6 Rf8 42. a7 Ra8 {[%emt 0:00:04] Weighted Error Value: White=0.91/Black=0.21 (precise)} 0-1

[Event "GER-ch Youth-U16 2022"]
[Site "Willingen"]
[Date "2022.06.05"]
[Round "2.3"]
[White "Farokhi, Keyvan"]
[Black "Bui, Bao Anh Le"]
[Result "1/2-1/2"]
[ECO "B90"]
[WhiteElo "2360"]
[BlackElo "2127"]
[Annotator "TA"]
[PlyCount "81"]
[EventDate "2022.06.05"]
[EventType "swiss"]
[EventRounds "9"]
[EventCountry "GER"]
[SourceTitle "playchess.com"]
[Source "ChessBase"]
[SourceQuality "1"]
[TimeControl "40/4500+30:900+30"]

1. e4 c5 2. Nf3 d6 3. d4 cxd4 4. Nxd4 Nf6 5. Nc3 a6 6. Bd3 e5 7. Nde2 Be7 8. O-O O-O 9. Ng3 {[%emt 0:00:00] B90: Sicilian Najdorf: Unusual White 6th moves, 6 Be3 Ng4 and 6 Be3 e5.} b5 10. Bg5 Be6 11. Qf3 {[%emt 0:06:24] White is slightly better.} Nbd7 (11... Bg4 $5 12. Qe3 Nbd7 $11) 12. Nf5 b4 {[%emt 0:06:37] [#] White must now prevent ...Bxf5.} 13. Ne2 {[%emt 0:07:18] [#]} h6 $146 ({Predecessor:} 13... Bxf5 14. Qxf5 Nc5 15. Rad1 Qc8 16. Ng3 Ne6 17. Be3 g6 18. Qh3 h5 19. Ne2 Ng4 {0-1 (41) Wilhelms,D (2126)-Aguiar Cunha,L (2049) Brasilia 2010}) 14. Bh4 Bxf5 15. Qxf5 g6 16. Qf3 Nh5 17. Bg3 Qc7 18. c3 a5 19. cxb4 axb4 20. a3 Qb7 21. Bc4 Nb6 22. Bb3 bxa3 23. bxa3 Kg7 24. Rfb1 Qd7 25. Qd3 (25. Nc3 {keeps more tension.} Ra5 26. a4 Qc6 27. Nd5) 25... Nxg3 26. hxg3 f5 27. Nc3 Ra5 28. Bd5 (28. Nd5 $14 Bd8 29. a4) 28... fxe4 29. Bxe4 Na4 (29... Bd8 $14) 30. Rb7 ({Inferior is} 30. Bxg6 Nxc3 31. Qxc3 Qa7 $11) 30... Qe6 31. Bd5 Qf6 {[%emt 0:00:30] [#] Threatens to win with ...Nxc3.} 32. Ne4 {[%emt 0:02:40] White is more active.} Nc5 33. Nxf6 {[%emt 0:01:24] Dancing on a razor blade.} (33. Nxc5 $16 Rxc5 34. Rf1) 33... Nxd3 $14 34. Rxe7+ (34. Nh5+ $5 Kh8 35. Bc4 $14) 34... Kxf6 35. Re6+ Kg5 36. Rxd6 Nxf2 37. Re1 Ng4 38. Bf3 h5 39. Re6 {[%emt 0:00:32] The position is equal.} Rxa3 40. Bxg4 hxg4 41. R6xe5+ {[%emt 0:00:00] Weighted Error Value: White=0.18 (very precise) /Black=0.24 (precise)} 1/2-1/2

[Event "GER-ch Youth-U16 2022"]
[Site "Willingen"]
[Date "2022.06.05"]
[Round "2.4"]
[White "Jaskulski, Jan"]
[Black "Sidletskyi, Ivan"]
[Result "0-1"]
[ECO "B36"]
[WhiteElo "1727"]
[BlackElo "2084"]
[Annotator "TA"]
[PlyCount "94"]
[EventDate "2022.06.05"]
[EventType "swiss"]
[EventRounds "9"]
[EventCountry "GER"]
[SourceTitle "playchess.com"]
[Source "ChessBase"]
[SourceQuality "1"]
[TimeControl "40/4500+30:900+30"]

1. e4 c5 2. Nf3 Nc6 3. d4 cxd4 4. Nxd4 g6 5. c4 Nf6 6. Nc3 Nxd4 7. Qxd4 d6 8. Be3 Bg7 9. f3 O-O 10. Qd2 Be6 11. Rc1 Qa5 12. Be2 Rfc8 13. b3 a6 14. Na4 Qxd2+ 15. Kxd2 Nd7 16. Nb6 {[%emt 0:03:08] B36: Sicilian: Maroczy Bind: Gurgenidze System.} (16. g4 $14) 16... Nxb6 $11 17. Bxb6 Rc6 18. Be3 {[%emt 0:00:31] [#] The position is equal.} b5 $146 ({Predecessor:} 18... Bb2 19. Rc2 Ba3 20. Bd3 Rac8 21. g4 Bc5 22. Rhc1 Ba3 23. Rb1 b5 24. cxb5 Rxc2+ 25. Bxc2 axb5 {0-1 (47) Terletsky,O (2176)-Jary,S (2275) Chess.com INT 2022}) 19. cxb5 Rxc1 20. Rxc1 axb5 21. Rc2 b4 22. Bd3 f5 23. Ke2 fxe4 24. Bxe4 d5 25. Bd3 Bc3 26. Bc5 Rc8 27. Be3 ({Don't blunder} 27. Bxe7 $2 Re8 28. Bxb4 Bxb4 $19) 27... Kf7 28. Bd2 d4 29. Bg5 Rc5 30. h4 Bd7 31. Bc4+ $2 {[%emt 0:02:01][%mdl 8192] [#] Loses the game.} (31. Kd1 $11) 31... Rxc4 $1 $19 32. bxc4 {[%emt 0:03:55][%mdl 4096] Endgame KRB-KB} (32. Kd1 Rc7) 32... d3+ $1 {[%emt 0:00:12][%mdl 64] Decoy} 33. Kxd3 Bf5+ {[%emt 0:00:08][%mdl 64] Skewer, Deflection. This bishop pair is nice.} 34. Ke3 Bxc2 35. c5 Ba4 36. Kd3 Bb5+ 37. Kc2 Bd4 38. Kb3 Bxc5 39. h5 gxh5 40. Bd2 Bd7 {[%emt 0:00:15] aiming for ...Be6+.} 41. Bxb4 Be6+ {[%emt 0:15:09] Black mates.} 42. Kc3 Bxb4+ 43. Kxb4 Bxa2 44. g3 Kf6 45. Kc3 Bd5 46. f4 Kf5 47. Kd4 e6 {[%emt 0:00:27] Weighted Error Value: White=0.92/Black=0.14 (very precise)} 0-1